 Dungeon Crawl Stone Soup version bcrawl-1.17.3 (webtiles) character file.

Game seed: 15405475829968358199

91 Gumption the Sneak (level 4, -2/33 HPs)
             Began as a Human Archaeologist on Oct 24, 2019.
             Killed by nerve-wracking pain
             ... invoked by an orc priest
              (7 damage)
             ... on level 3 of the Dungeon.
             The game lasted 00:22:32 (2603 turns).

Gumption the Sneak (Human Archaeologist)            Turns: 2603, Time: 00:22:33

Health: -2/33      AC: 11    Str: 12    XL:     4   Next: 88%
Magic:  13/13      EV: 11    Int: 15    God:
Gold:   110        SH:  0    Dex: 11    Spells: 3/3 levels left

rFire    . . .     SeeInvis .   a - +1 mace (crush)
rCold    . . .     Gourm    .   (no shield)
rNeg     . . .     Faith    .   s - +0 ring mail
rPois    .         Spirit   .   c - +1 hat
rElec    .         Reflect  .   (no cloak)
rCorr    .         Harm     .   (no gloves)
MR       .....                  d - +1 pair of boots
Stlth    ++........             (no amulet)
HPRegen  0.11/turn              u - ring of magical power
MPRegen  0.13/turn              k - +3 ring of protection

@: studying Maces & Flails
A: no striking features
a: no special abilities


You were on level 3 of the Dungeon.
You were not hungry.

You visited 1 branch of the dungeon, and saw 3 of its levels.

You collected 110 gold pieces.

Inventory:

Hand Weapons
 a - a +1 mace of crushing (weapon)
 b - a +0 dagger
Missiles
 h - 91 silver javelins (quivered)
Armour
 c - a +1 hat (worn)
 d - a +1 pair of boots (worn)
 m - a +1 robe
 s - a +0 ring mail (worn)
Jewellery
 k - a +3 ring of protection (right hand)
 u - a ring of magical power (left hand)
Scrolls
 i - a scroll of magic mapping {unknown}
 n - a scroll of enchant weapon
 p - 2 scrolls of remove curse
 q - a scroll of fog {unknown}
 r - 2 scrolls of teleportation
 t - a scroll of blinking {unknown}
 w - a scroll of amnesia {unknown}
Potions
 j - a potion of flight
 l - 3 potions of haste
 o - 2 potions of curing
 v - a potion of lignification
Books
 g - a manual of Maces & Flails
Miscellaneous
 f - an ancient crate
Comestibles
 e - 9 rations {!d}


   Skills:
 + Level 2.2 Fighting
 * Level 3.3 Maces & Flails
 + Level 4.0 Dodging
 + Level 4.4 Stealth


You had 3 spell levels left.
You didn't know any spells.
Your spell library was empty.

Dungeon Overview and Level Annotations

Branches:
Dungeon (3/12)

Altars:
Yredelemnul


Message History

You are too injured to fight recklessly!
You hit the orc priest but do no damage.
The orc priest is lightly wounded.
The orc hits you with a +0 hand axe.
* * * LOW HITPOINT WARNING * * *
The orc priest hits you with a +0 war axe.
* * * LOW HITPOINT WARNING * * *
You sock the orc priest!
The orc priest is severely wounded.
The orc hits you but does no damage. The orc priest barely misses you.
You hit the orc priest but do no damage.
The orc priest is severely wounded.
The orc closely misses you. The orc priest closely misses you.
You closely miss the orc priest.
The orc priest is severely wounded.
The orc hits you with a +0 hand axe.
* * * LOW HITPOINT WARNING * * *
The orc priest calls down the wrath of Beogh upon you.
Pain shoots through your body!
You die...

#.........# #..
#.........# #..#.#
...........#
#..#.#######
...........#
.o#'#......
..########)#
##.?........ ..
###)# ...........
#...#####.........
#.#....###o#######
#.#.#....@o.......
# #.........#####.
#.........'...
###.......###.#
....####... #.####
.### #. .# # .#


You could see an orc priest and an orc.

Vanquished Creatures
  An orc wizard (D:3)
  An ooze (D:2)
  2 worms (D:3)
  3 dart slugs (D:2)
  2 leopard geckos
  4 orcs
  3 hobgoblins
  7 kobolds
  A ball python (D:1)
  8 bats
  A frilled lizard (D:2)
  2 gnoll zombies (D:3)
  4 goblins (D:1)
  7 rats
46 creatures vanquished.

Notes
Turn   | Place    | Note
-------+----------+-------------------------------------------
     0 | D:1      | Gumption the Human Archaeologist began the quest for the
                  | Orb.
     0 | D:1      | Reached XP level 1. HP: 15/15 MP: 1/1
   361 | D:1      | Reached XP level 2. HP: 21/21 MP: 2/2
  1248 | D:2      | Reached XP level 3. HP: 26/27 MP: 3/3
  2163 | D:3      | Reached XP level 4. HP: 24/33 MP: 4/4
  2333 | D:3      | Found a basalt altar of Yredelemnul.
  2603 | D:3      | Killed from afar by an orc priest

Skill      XL: |  1  2  3  4 |
---------------+-------------+-----
Stealth        | 4 |  4.4
Maces & Flails | 2 3 |  3.3
Fighting       | 2 |  2.2
Dodging        | 4 |  4.0

Action                   |  1- 3 |  4- 6 || total
-------------------------+-------+-------++-------
Melee: Whip              |    87 |       ||    87
       Dagger            |    12 |       ||    12
       Mace              |    10 |    46 ||    56
Throw: Javelin           |    20 |     4 ||    24
  Use: Scroll            |     7 |       ||     7
 Stab: Sleeping          |     6 |     1 ||     7
  Eat: Chunk             |     4 |     1 ||     5
Armor: Robe              |    31 |       ||    31
       Ring mail         |     3 |    24 ||    27
Dodge: Dodged            |    77 |    34 ||   111
